 Dungeon Crawl Stone Soup version 0.27-a0-1105-g946c659c87 (webtiles) character file.

Game seed: 825756796164584350

2665 siradein the Basher (level 9, -6/80 HPs)
             Began as a Troll Fighter on Apr 30, 2021.
             Was a Believer of Fedhas.
             Mangled by an orc warrior
             ... wielding a +2 trident of venom
              (9 damage)
             ... on level 7 of the Dungeon.
             The game lasted 00:12:49 (5817 turns).

siradein the Basher (Troll Fighter)                 Turns: 5817, Time: 00:12:51

Health: -6/80      AC:  5    Str: 27    XL:     9   Next: 36%
Magic:  8/8        EV:  8    Int:  4    God:    Fedhas [**....]
Gold:   423        SH:  9    Dex: 11    Spells: 8/8 levels left

rFire    . . .     SeeInvis .   h - +2 whip (elec)
rCold    . . .     Faith    .   r - +0 kite shield
rNeg     . . .     Spirit   .   b - +0 robe
rPois    .         Reflect  .   (helmet restricted)
rElec    .         Harm     .   B - +0 cloak
rCorr    .         Rampage  .   (gloves unavailable)
Will     .....                  (boots unavailable)
Stlth    +.........             (no amulet)
HPRegen  1.23/turn              u - ring of flight
MPRegen  0.11/turn              (no ring)

@: lethally poisoned (-6 -> -35), flying
A: large, unfitting armour, claws 3, regeneration 1, shaggy fur 1, tough skin 1
a: Renounce Religion, Wall of Briars


You were on level 7 of the Dungeon.
You worshipped Fedhas.
Fedhas was pleased with you.
You visited 2 branches of the dungeon, and saw 8 of its levels.

You collected 423 gold pieces.

Inventory:

Hand Weapons
 c - a +1 vorpal dire flail
 h - a +2 whip of electrocution (weapon)
Armour
 b - a +0 robe (worn)
 r - a +0 kite shield (worn)
 B - a +0 cloak (worn)
Jewellery
 u - a ring of flight (left claw)
 D - a ring of ice
Wands
 t - a wand of mindburst (5)
 E - a wand of polymorph (7)
 F - a wand of acid (6)
Scrolls
 e - 6 scrolls of identify
 f - a scroll of fear {unknown}
 g - a scroll of teleportation {unknown}
 i - a scroll of silence {unknown}
 k - 2 scrolls of immolation {unknown}
 l - 2 scrolls of fog {unknown}
 n - a scroll of amnesia {unknown}
 o - a scroll of vulnerability {unknown}
 p - a scroll of acquirement {unknown}
 v - a scroll of enchant armour {unknown}
 w - a scroll of magic mapping {unknown}
 y - a scroll of torment {unknown}
Potions
 a - a potion of ambrosia
 d - 2 potions of might
 j - 3 potions of heal wounds
 m - a potion of cancellation
 q - a potion of resistance
 s - a potion of mutation {unknown}
 x - 3 potions of lignification {unknown}
 z - a potion of magic {unknown}
 A - a potion of brilliance {unknown}
 C - a potion of curing {unknown}


   Skills:
 - Level 2.4 Fighting
 + Level 11.7 Maces & Flails
 - Level 2.4 Dodging
 - Level 2.4 Shields


You had 8 spell levels left.
You didn't know any spells.
Your spell library contained the following spells:

 Spells                   Type           Power      Damage    Failure   Level
 Corona                   Hex            0%         N/A       93%         1
 Summon Small Mammal      Summ           0%         N/A       93%         1
 Call Imp                 Summ           0%         N/A       98%         2
 Ensorcelled Hibernation  Hex/Ice        0%         N/A       98%         2
 Call Canine Familiar     Summ           0%         N/A       100%        3
 Confusing Touch          Hex            0%         N/A       100%        3
 Dazzling Flash           Conj/Hex       0%         N/A       100%        3
 Summon Guardian Golem    Hex/Summ       0%         N/A       100%        3
 Tukima's Dance           Hex            0%         N/A       100%        3
 Summon Ice Beast         Ice/Summ       0%         N/A       100%        4
 Summon Lightning Spire   Summ/Air       0%         N/A       100%        4


Dungeon Overview and Level Annotations

Branches:
Dungeon (7/15)             Temple (1/1) D:4

Altars:
Ashenzari
Elyvilon
Fedhas
Gozag
Kikubaaqudgha
Nemelex Xobeh
Okawaru
Qazlal
Ru
Sif Muna
Trog
Vehumet
Wu Jian
Xom
Zin
The Shining One


Innate Abilities, Weirdness & Mutations

You are too large for most types of armour.
You have claws for hands.
Your natural rate of healing is unusually fast.
You are covered in fur. (AC +1)
You have tough skin. (AC +1)


Message History

Fedhas appreciates your contribution to the ecosystem.
The orc warrior hits you from afar with a +2 trident of venom.
The orc warrior hits you with a +2 trident of venom!
You are poisoned.
You hit the orc warrior.
Lightning courses through the orc warrior!
The orc warrior is severely wounded.
You feel very sick. You block the orc warrior's attack.
You hit the orc warrior.
The orc warrior is severely wounded.
You feel very sick.
You hit the orc warrior but do no damage.
The orc warrior is severely wounded.
You feel sick.
The orc warrior hits you with a +2 trident of venom.
You are more poisoned.
You hit the orc warrior but do no damage.
The orc warrior is severely wounded.
You feel very sick.
The orc warrior hits you with a +2 trident of venom!
You are lethally poisoned!
You are too injured to fight recklessly!
You barely miss the orc warrior.
The orc warrior is severely wounded.
You feel extremely sick.
The orc warrior hits you with a +2 trident of venom!
* * * LOW HITPOINT WARNING * * *
You are more poisoned.
You hit the orc warrior but do no damage.
The orc warrior is severely wounded.
* * * LOW HITPOINT WARNING * * *
You feel extremely sick.
You hit the orc warrior.
The orc warrior is almost dead.
* * * LOW HITPOINT WARNING * * *
You feel extremely sick.
The orc warrior hits you with a +2 trident of venom!
You die...
Fedhas appreciates your contribution to the ecosystem.

####................##
##..................##
..<...<.#...##..## #
.##....##....##.# .###
.......##.....#.####...
...##.###............#
..###.#..............#
.................o...#.#
###..###........@).....#
###.## #.......).....(##
....####..>.........###
###.##............>.#
##..##..#.......#.###
................#.#
#.....##........#.#
..###....#........####
#.###..###....<......#


You could see an orc warrior.

Vanquished Creatures
  Sigmund (D:6)
  A steam dragon (D:7)
  Edmund (D:3)
  Duvessa (D:4)
  2 water moccasins
  An ice beast (D:5)
  A necrophage (D:6)
  An ogre (D:5)
  A centaur (D:7)
  2 phantoms
  A bullfrog (D:7)
  2 gnoll sergeants
  2 scorpions
  Dowan (D:4)
  A wyvern zombie (D:6)
  2 water moccasin skeletons
  A howler monkey (D:5)
  A centaur zombie (D:6)
  7 hounds
  2 centaur skeletons (D:7)
  A jelly (D:7)
  2 orc priests
  Terence (D:2)
  Natasha (thrice) (D:2)
  4 iguanas
  An orc wizard (D:4)
  2 killer bee zombies
  A hound zombie (D:5)
  A howler monkey skeleton (D:7)
  3 adders
  9 gnolls
  A shadow imp (D:5)
  An adder skeleton (D:3)
  2 worms
  2 dart slugs
  10 orcs
  6 bats
  6 endoplasms
  2 giant cockroaches (D:4)
  4 goblins
  2 hobgoblins
  6 jackals
  7 kobolds
  2 quokkas (D:2)
  9 ball pythons
  5 frilled lizards
  2 rats
127 creatures vanquished.

Notes
Turn   | Place    | Note
-------+----------+-------------------------------------------
     0 | D:1      | siradein the Troll Fighter began the quest for the Orb.
     0 | D:1      | Reached XP level 1. HP: 22/22 MP: 0/0
    47 | D:1      | Reached skill level 2 in Maces & Flails
   115 | D:1      | Found a faded altar of an unknown god.
   159 | D:1      | Reached XP level 2. HP: 29/29 MP: 1/1
   421 | D:1      | Reached skill level 3 in Maces & Flails
   421 | D:1      | Reached XP level 3. HP: 30/36 MP: 2/2
  1156 | D:2      | Noticed Terence
  1161 | D:2      | Killed Terence
  1336 | D:2      | Noticed Natasha
  1340 | D:2      | Reached XP level 4. HP: 37/44 MP: 3/3
  1350 | D:2      | Killed Natasha
  1351 | D:2      | Reached skill level 4 in Maces & Flails
  1667 | D:2      | Noticed Natasha
  1673 | D:2      | Killed Natasha
  1700 | D:2      | Noticed Natasha
  1711 | D:2      | Killed Natasha
  1712 | D:2      | Reached XP level 5. HP: 40/50 MP: 4/4
  1766 | D:3      | Reached skill level 5 in Maces & Flails
  1888 | D:3      | Found an ancient bone altar of Kikubaaqudgha.
  1888 | D:3      | Found an iron altar of Okawaru.
  2270 | D:4      | Found a sparkling altar of Nemelex Xobeh.
  2307 | D:4      | Found a white marble altar of Elyvilon.
  2511 | D:4      | Noticed Edmund
  2526 | D:4      | Noticed Dowan
  2529 | D:4      | Noticed Duvessa
  2561 | D:4      | Killed Duvessa
  2562 | D:4      | Reached skill level 6 in Maces & Flails
  2562 | D:4      | Reached XP level 6. HP: 47/59 MP: 5/5
  2638 | D:3      | Killed Edmund
  2670 | D:4      | Killed Dowan
  2746 | D:4      | Found a staircase to the Ecumenical Temple.
  2904 | D:4      | Reached skill level 7 in Maces & Flails
  2904 | D:4      | Reached XP level 7. HP: 59/66 MP: 6/6
  3083 | Temple   | Entered the Ecumenical Temple
  3193 | Temple   | Became a worshipper of Fedhas Madash
  3265 | D:5      | Entered Level 5 of the Dungeon
  3518 | D:5      | Identified the +1 robe "Kiozar" {rC+}
  3624 | D:5      | Found a glowing golden altar of the Shining One.
  3637 | D:5      | Reached skill level 8 in Maces & Flails
  3889 | D:5      | Reached XP level 8. HP: 74/74 MP: 7/7
  3954 | D:5      | Reached skill level 9 in Maces & Flails
  4091 | D:5      | Reached * piety under Fedhas
  4531 | D:6      | Reached skill level 10 in Maces & Flails
  4536 | D:6      | Noticed Sigmund
  4546 | D:6      | Killed Sigmund
  5155 | D:6      | Reached XP level 9. HP: 15/80 MP: 8/8
  5270 | D:7      | Reached skill level 11 in Maces & Flails
  5517 | D:6      | Reached ** piety under Fedhas
  5618 | D:7      | Found a sacrificial altar of Ru.
  5817 | D:7      | HP: 3/80 [poisoned by an orc warrior]
  5817 | D:7      | Mangled by an orc warrior

Illustrated notes

Levels and vault maps discovered:
D:1:      amcnicky_arrival_abandoned_market, layout_basic,
          hellmonk_ecumenical_altar_crossroads
D:2:      layout_loops_ring, hangedman_decor_points, uniq_natasha, uniq_terence
D:3:      layout_rooms, jmf_multi_god_temple, amcnicky_mini_rare_corridor_liquid
D:4:      layout_basic, nicolae_overflow_crystal_walls, kennysheep_little_box,
          minmay_temple_entry_enclosed_plants, minivault_25, kennysheep_nub,
          uniq_duvessa, uniq_edmund
D:5:      layout_gridville, lemuel_crystal_altar
D:6:      layout_basic, uniq_sigmund
D:7:      layout_rooms, nicolae_ru_awakened_eye
Temple:   compressed_dpeg_circular_temple

Skill      XL: |  1  2  3  4  5  6  7  8  9 |
---------------+----------------------------+-----
Maces & Flails | 2 3 4 6 7 8 10 11 | 11.7
Fighting       | |  2.4
Dodging        | |  2.4
Shields        | |  2.4

Action                   |  1- 3 |  4- 6 |  7- 9 || total
-------------------------+-------+-------+-------++-------
Melee: Flail             |    90 |       |       ||    90
       Whip              |    16 |   139 |    19 ||   174
       Dire flail        |       |    23 |   243 ||   266
  Use: Scroll            |       |     4 |       ||     4
Armor: Robe              |    43 |    36 |    50 ||   129
Dodge: Dodged            |    41 |    41 |   113 ||   195
Block: Kite shield       |    44 |    60 |     2 ||   106

Table legend: (Time is in decaauts)
 A = Elapsed time spent in this place.
 B = Non-inter-level travel time spent in this place.
 C = Inter-level travel time spent in this place.
 D = Time resting spent in this place.
 E = Time spent auto-exploring this place.
 F = Levels seen in this place.
 G = Mean time per level.
                   A        B        C        D        E       F      G
               +--------+--------+--------+--------+--------+-----+--------+
         Total |   5833 |   5620 |    213 |    245 |   3844 |   8 |  729.1 |
       Dungeon |   5703 |   5490 |    213 |    245 |   3760 |   7 |  814.7 |
        Temple |    129 |    129 |      0 |      0 |     84 |   1 |  129.0 |
               +--------+--------+--------+--------+--------+-----+--------+

Top non-repeatable levels by time:
     D:5: 1016 daAuts
     D:6: 976 daAuts
     D:1: 940 daAuts
     D:4: 899 daAuts
     D:2: 853 daAuts
     D:3: 555 daAuts
     D:7: 462 daAuts
  Temple: 129 daAuts
